Description

Just for me to practice something like that.

Replay - ZvP vs Harstem KingsCove BaneBust

Build Order

Get SALT Encoding   

  12  0:01  Drone  
  13  0:13  Overlord  
  13  0:19  Drone  
  14  0:33  Drone x2  
  16  0:48  Hatchery  
  15  0:53  Drone x2  
  17  0:59  Drone  
  18  1:10  Extractor  
  17  1:15  Spawning Pool  
  17  1:18  Drone x2  
  18  1:30  Drone  
  20  1:51  Overlord  
  20  2:01  Queen x2  
  20  2:03  Zergling x4  
  26  2:10  Metabolic Boost  
  26  2:28  Zergling x8  
  30  2:42  Baneling Nest  
  30  2:44  Zergling x6  
  31  2:53  Zergling x2  
  34  3:12  Overlord  
  35  3:29  Baneling x6  
  41  3:39  Baneling  
  42  3:46  Baneling  
  43  3:51  Overlord  
Spawning Tool Build Advisor. Get it on Overwolf

Go to:

Details

  • Created by: LaZixTie
  • Published on: Feb 15, 2019
  • Modified on: Feb 15, 2019
  • Patch: 4.7.1
Show
View Real Time Build Order
Export as new Build Order

Comments (0)

There are no comments. Be the first!

Create an account to comment!